 Dungeon Crawl Stone Soup version 0.21.0-3-g78d12a8 (console) character file.

254 hilaritas the Chopper (level 5, -2/44 HPs)
             Began as a Centaur Gladiator on Jan 11, 2018.
             Slain by Patate's ghost (6 damage)
             ... on level 3 of the Dungeon.
             The game lasted 00:05:49 (1673 turns).

hilaritas the Chopper (Centaur Gladiator)           Turns: 1673, Time: 00:05:49

Health: -2/44      AC:  8    Str: 17    XL:     5   Next: 90%
Magic:  5/5        EV: 10    Int:  7    God:
Gold:   152        SH:  0    Dex: 11    Spells: 4/4 levels left

rFire    . . .     SeeInvis .   a - +1 war axe
rCold    . . .     Gourm    .   (no shield)
rNeg     . . .     Faith    .   b - +0 leather armour
rPois    .         Spirit   .   c - +1 helmet
rElec    .         Reflect  .   (no cloak)
rCorr    .         Harm     .   h - +0 pair of gloves
MR       .....                  (no barding)
Stlth    +.........             e - amulet of regeneration
HPRegen  0.54/turn              m - +1 ring of protection
MPRegen  0.09/turn              (no ring)

@: very quick
A: large, hooves 3, deformed body, speed 2, tough skin 3
a: no special abilities


You were on level 3 of the Dungeon.
You were not hungry.

You visited 1 branch of the dungeon, and saw 3 of its levels.

You collected 152 gold pieces.

Inventory:

Hand Weapons
 a - a +1 war axe (weapon)
 i - a +0 club
 s - a +0 war axe
Missiles
 d - 3 throwing nets (quivered)
Armour
 b - a +0 leather armour (worn)
 c - a +1 helmet (worn)
 h - a +0 pair of gloves (worn)
 j - a +0 ring mail
Jewellery
 e - an amulet of regeneration (around neck)
 m - a +1 ring of protection (left hand)
 q - an uncursed amulet of the gourmand
 t - an uncursed ring of resist corrosion
Scrolls
 k - 2 scrolls of fog
 l - 3 scrolls of remove curse
 p - a scroll of enchant weapon
Potions
 n - a potion of curing
 o - 2 potions of brilliance
Comestibles
 f - 5 rations
 g - 5 chunks of flesh


   Skills:
 + Level 2.8 Fighting
 * Level 5.3 Axes
 - Level 2.1 Throwing
 + Level 2.8 Dodging


You had 4 spell levels left.
You didn't know any spells.

Dungeon Overview and Level Annotations

Branches:
Dungeon (3/15)

Altars:

Annotations:
D:3 Patate's ghost, amateur HOFi


Innate Abilities, Weirdness & Mutations

You have hooves in place of feet.
Armour fits poorly on your strangely shaped body.
You cover ground very quickly.
You have extremely tough skin. (AC +3)


Message History

Patate's ghost hits you but does no damage.
You barely miss Patate's ghost. Your kick misses Patate's ghost.
Patate's ghost is heavily damaged.
Patate's ghost barely misses you.
You hit Patate's ghost but do no damage.
You kick Patate's ghost!
Patate's ghost is severely damaged.
Patate's ghost hits you.
You barely miss Patate's ghost.
Patate's ghost is severely damaged.
Patate's ghost hits you!
* * * LOW HITPOINT WARNING * * *
You hit Patate's ghost but do no damage.
Patate's ghost is severely damaged.
Patate's ghost closely misses you. x2
You hit Patate's ghost but do no damage.
You kick Patate's ghost.
Patate's ghost is severely damaged.
Patate's ghost hits you.
You die...

#####.#.)..#####.....
...#.#))..### ######
######.#..........
...................
####..............
###................
............#######
...####........
.####.?........
###.............
#......@........
#.....'W#######
###(....# ###...#
###.# ..# ###


You could see Patate's ghost.

Vanquished Creatures
  An orc priest (D:3)
  2 orc wizards (D:3)
  4 gnolls (D:3)
  5 adders (D:2)
  2 dart slugs
  14 orcs (D:3)
  6 bats
  2 giant cockroaches
  7 goblins
  7 hobgoblins
  4 ball pythons
  4 frilled lizards
  11 kobolds
  7 rats
76 creatures vanquished.

Notes
Turn   | Place    | Note
-------+----------+-------------------------------------------
     0 | D:1      | hilaritas the Centaur Gladiator began the quest for the Orb.
     0 | D:1      | Reached XP level 1. HP: 17/17 MP: 1/1
   120 | D:1      | Reached skill level 3 in Axes
   178 | D:1      | Reached XP level 2. HP: 24/24 MP: 2/2
   748 | D:2      | Reached XP level 3. HP: 24/29 MP: 3/3
   961 | D:2      | Reached skill level 4 in Axes
   961 | D:2      | Reached XP level 4. HP: 29/36 MP: 4/4
  1358 | D:3      | Reached XP level 5. HP: 38/42 MP: 5/5
  1560 | D:3      | Reached skill level 5 in Axes
  1655 | D:3      | Noticed Patate's ghost (amateur HOFi)
  1663 | D:3      | HP: 2/44 [Patate's ghost (17)]
  1671 | D:3      | HP: 2/44 [Patate's ghost (8)]
  1673 | D:3      | Slain by Patate's ghost

Skill      XL: |  1  2  3  4  5 |
---------------+----------------+-----
Axes           | 3 4 5 |  5.3
Fighting       | |  2.8
Throwing       | |  2.1
Dodging        | |  2.8

Action                   |  1- 3 |  4- 6 || total
-------------------------+-------+-------++-------
Melee: War axe           |   100 |    90 ||   190
       Kick              |    10 |    14 ||    24
  Use: Scroll            |     7 |     1 ||     8
       Potion            |       |     1 ||     1
  Eat: Chunk             |       |     2 ||     2
Armor: Leather armour    |    54 |    35 ||    89
Dodge: Dodged            |    65 |    59 ||   124
